 Dungeon Crawl Stone Soup version 0.29.1-2-gbd0b4ee654 (webtiles) character file.

Game seed: 17388008184098190798

250 zeram the Shield-Bearer (level 6, -5/53 HPs)
             Began as a Gnoll Fighter on Nov 18, 2022.
             Slain by an orc
             ... wielding a +0 trident
              (6 damage)
             ... on level 3 of the Dungeon.
             The game lasted 00:05:28 (3004 turns).

zeram the Shield-Bearer (Gnoll Fighter)             Turns: 3004, Time: 00:05:28

Health: -5/53      AC:  9    Str: 17    XL:     6   Next: 13%
Magic:  8/8        EV: 10    Int:  8    God:
Gold:   78         SH:  0    Dex: 11    Spells: 8/8 levels left

rFire   . . .      SeeInvis .   f - +9 lajatang of Untimely Demise {distort, +Blink rC++ Will+}
rCold   + + .      Faith    .   (shield currently unavailable)
rNeg    . . .      Spirit   .   b - +0 scale mail
rPois   .          Reflect  .   p - +0 helmet
rElec   .          Harm     .   (no cloak)
rCorr   .          Rampage  .   (no gloves)
Will    +....                   (no boots)
Stlth   ..........              (no amulet)
HPRegen 0.17/turn               (no ring)
MPRegen 0.11/turn               (no ring)

@: no status effects
A: fangs 1, strong nose, distributed training
a: Evoke Blink


You were on level 3 of the Dungeon.
You visited 1 branch of the dungeon, and saw 3 of its levels.

You collected 78 gold pieces.

Inventory:

Hand Weapons
 a - a +0 war axe
 f - the +9 lajatang of Untimely Demise (weapon) {distort, +Blink rC++ Will+}
   (You acquired it on level 1 of the Dungeon)

   It warps and distorts space around it, and may blink, banish, or inflict
   extra damage upon those it strikes.
   Unwielding it can cause banishment or high damage.
   rC:        It greatly protects you from cold.
   +Blink:    It lets you blink.
   Will:      It increases your willpower.
 i - a +2 dagger of speed
Armour
 b - a +0 scale mail (worn)
 c - a +0 buckler
 p - a +0 helmet (worn)
Jewellery
 k - an amulet of reflection
Wands
 l - a wand of flame (14)
 m - a wand of roots (3)
Scrolls
 e - a scroll of immolation
 g - a scroll of silence {unknown}
 j - 2 scrolls of fog {unknown}
 q - a scroll of identify
Potions
 d - a potion of might
 h - 2 potions of heal wounds
 n - a potion of mutation {unknown}
 o - 3 potions of curing {unknown}


   Skills:
 + Level 6.8 Fighting
 + Level 1.9 Short Blades
 + Level 1.9 Long Blades
 + Level 4.9 Axes
 + Level 1.9 Maces & Flails
 + Level 1.9 Polearms
 + Level 1.9 Staves
 + Level 1.9 Ranged Weapons
 + Level 1.9 Throwing
 + Level 6.8 Armour
 + Level 1.9 Dodging
 + Level 1.9 Stealth
 + Level 6.8 Shields
 + Level 1.9 Unarmed Combat
 + Level 1.9 Spellcasting
 + Level 1.5 Conjurations
 + Level 1.5 Hexes
 + Level 1.5 Summonings
 + Level 1.5 Necromancy
 + Level 1.5 Translocations
 + Level 1.5 Transmutations
 + Level 1.5 Fire Magic
 + Level 1.5 Ice Magic
 + Level 1.5 Air Magic
 + Level 1.5 Earth Magic
 + Level 1.5 Poison Magic
 + Level 2.1 Invocations
 + Level 1.9 Evocations


You had 8 spell levels left.
You didn't know any spells.
Your spell library contained the following spells:

 Spells                   Type           Power      Damage    Failure   Level
 Freeze                   Ice            12%        1d4       52%         1
 Frozen Ramparts          Ice            6%         1d1       87%         3
 Hailstorm                Conj/Ice       3%         3d3       99%         4


Dungeon Overview and Level Annotations

Branches:
Dungeon (3/15)

Altars:


Innate Abilities, Weirdness & Mutations

You have very sharp teeth.
Your uncanny sense of smell can sniff out nearby items.
Your experience applies equally to all skills.


Message History

The gnoll hits you from afar with a +0 spear.
The orc wizard hits you but does no damage.
The orc hits you from afar with a +0 trident.
The hobgoblin hits you but does no damage.
Unknown command.
You barely miss the orc wizard.
The gnoll hits you from afar with a +0 spear.
The orc hits you from afar with a +0 trident!
The hobgoblin hits you but does no damage.
The orc wizard hits you but does no damage.
The hobgoblin hits you but does no damage.
The orc wizard hits you but does no damage.
The orc hits you but does no damage.
The gnoll hits you from afar with a +0 spear.
You barely miss the orc wizard.
You bite the orc wizard, but do no damage.
The gnoll hits you from afar with a +0 spear.
The orc closely misses you. x2
The orc wizard hits you but does no damage.
The hobgoblin hits you.
The gnoll hits you from afar with a +0 spear.
You are too injured to fight recklessly!
Unknown command.
You slash the orc wizard!
You kill the orc wizard!
The gnoll barely misses you.
The orc hits you from afar with a +0 trident.
The orc hits you but does no damage. The gnoll hits you but does no damage.
The hobgoblin hits you but does no damage.
Unknown command.
You slash the gnoll!
Space warps horribly around the gnoll!!
You kill the gnoll!
The gnoll hits you from afar with a +0 spear.
* * * LOW HITPOINT WARNING * * *
The gnoll hits you from afar with a +0 spear.
* * * LOW HITPOINT WARNING * * *
The orc hits you with a +0 mace.
* * * LOW HITPOINT WARNING * * *
The orc hits you from afar with a +0 trident.
You die...

...##........#
#......>.....#
...##........#
##############
....#.#.######
###.#.#.#############
#.#...............####
#.#...................
#.#...............####
#.#...............#
#.#.........g.@o..#
#.#...........g)..# #
#.##.........go...# #
#.##..............#
###.# ...........#
..#.# ...........#
#.#.# ...........#
#.#.# ∆ ...........#
#.#.#


You could see 2 gnolls, 2 orcs and a hobgoblin.

Vanquished Creatures
  An orc priest (D:3)
  Jessica (D:2)
  Terence (D:3)
  Natasha (D:3)
  2 orc wizards (D:3)
  Robin (D:3)
  A gnoll (D:3)
  An adder (D:2)
  3 worms
  2 dart slugs
  3 orcs (D:3)
  5 endoplasms
  3 giant cockroaches
  12 goblins
  5 hobgoblins
  4 jackals (D:3)
  2 quokkas (D:2)
  2 ball pythons
  3 bats
  2 frilled lizards (D:1)
  2 kobolds
  8 rats
65 creatures vanquished.

Notes
Turn   | Place    | Note
-------+----------+-------------------------------------------
     0 | D:1      | zeram the Gnoll Fighter began the quest for the Orb.
     0 | D:1      | Reached XP level 1. HP: 23/23 MP: 1/1
   266 | D:1      | Reached XP level 2. HP: 29/29 MP: 2/2
   498 | D:1      | Found a faded altar of an unknown god.
   843 | D:1      | Identified a scroll of acquirement
   843 | D:1      | Acquired the +9 lajatang of Untimely Demise {distort,
                  | +Blink rC++ Will+}
   937 | D:2      | Noticed Jessica
   941 | D:2      | Killed Jessica
   942 | D:2      | Reached skill level 1 in Invocations
   942 | D:2      | Reached XP level 3. HP: 7/35 MP: 2/4
  1207 | D:2      | Reached skill level 1 in Short Blades
  1207 | D:2      | Reached skill level 1 in Long Blades
  1207 | D:2      | Reached skill level 1 in Maces & Flails
  1207 | D:2      | Reached skill level 1 in Polearms
  1207 | D:2      | Reached skill level 1 in Staves
  1207 | D:2      | Reached skill level 1 in Ranged Weapons
  1207 | D:2      | Reached skill level 1 in Throwing
  1207 | D:2      | Reached skill level 1 in Dodging
  1207 | D:2      | Reached skill level 1 in Stealth
  1207 | D:2      | Reached skill level 1 in Unarmed Combat
  1207 | D:2      | Reached skill level 1 in Spellcasting
  1207 | D:2      | Reached skill level 1 in Evocations
  1283 | D:2      | Reached XP level 4. HP: 41/41 MP: 5/5
  2004 | D:3      | Noticed Terence
  2005 | D:3      | Killed Terence
  2006 | D:3      | Reached skill level 1 in Conjurations
  2006 | D:3      | Reached skill level 1 in Hexes
  2006 | D:3      | Reached skill level 1 in Summonings
  2006 | D:3      | Reached skill level 1 in Necromancy
  2006 | D:3      | Reached skill level 1 in Translocations
  2006 | D:3      | Reached skill level 1 in Transmutations
  2006 | D:3      | Reached skill level 1 in Fire Magic
  2006 | D:3      | Reached skill level 1 in Ice Magic
  2006 | D:3      | Reached skill level 1 in Air Magic
  2006 | D:3      | Reached skill level 1 in Earth Magic
  2006 | D:3      | Reached skill level 1 in Poison Magic
  2308 | D:3      | Reached XP level 5. HP: 38/47 MP: 5/7
  2410 | D:3      | Noticed Robin
  2419 | D:3      | Noticed Natasha
  2423 | D:3      | Killed Robin
  2424 | D:3      | Killed Natasha
  3000 | D:3      | Reached XP level 6. HP: 49/53 MP: 8/8
  3004 | D:3      | HP: 1/53 [orc/+0 mace (4)]
  3004 | D:3      | Slain by an orc

Illustrated notes

Levels and vault maps discovered:
D:1:      dpeg_arrival_prison, layout_loops_ring,
          ebering_ecumenical_altar_sacrificial
D:2:      layout_loops_corners, hangedman_decor_lopped,
          kennysheep_generic_room_11, uniq_jessica
D:3:      layout_basic, uniq_robin, uniq_natasha, uniq_terence

Skill      XL: |  1  2  3  4  5 |
---------------+----------------+-----
Invocations    | 1 2 |  2.1
Short Blades   | 1 |  1.9
Long Blades    | 1 |  1.9
Maces & Flails | 1 |  1.9
Polearms       | 1 |  1.9
Staves         | 1 |  1.9
Ranged Weapons | 1 |  1.9
Throwing       | 1 |  1.9
Dodging        | 1 |  1.9
Stealth        | 1 |  1.9
Unarmed Combat | 1 |  1.9
Spellcasting   | 1 |  1.9
Evocations     | 1 |  1.9
Conjurations   | 1 |  1.5
Hexes          | 1 |  1.5
Summonings     | 1 |  1.5
Necromancy     | 1 |  1.5
Translocations | 1 |  1.5
Transmutations | 1 |  1.5
Fire Magic     | 1 |  1.5
Ice Magic      | 1 |  1.5
Air Magic      | 1 |  1.5
Earth Magic    | 1 |  1.5
Poison Magic   | 1 |  1.5
Fighting       | |  6.8
Axes           | |  4.9
Armour         | |  6.8
Shields        | |  6.8

Action                   |  1- 3 |  4- 6 || total
-------------------------+-------+-------++-------
Melee: War axe           |    23 |       ||    23
       Bite              |     5 |     5 ||    10
       Dagger            |    22 |       ||    22
       Lajatang          |    12 |    72 ||    84
  Use: Scroll            |     2 |     3 ||     5
Armor: Scale mail        |    19 |    52 ||    71
Dodge: Dodged            |    14 |    44 ||    58
Block: Buckler           |     9 |       ||     9
